 Dungeon Crawl Stone Soup version 0.19-a0-811-gf4045fb (webtiles) character file.

256273 4thArraOfDagon the Severer (level 19, 0/162 HPs)
             Began as a Minotaur Chaos Knight on June 28, 2016.
             Was a Follower of Uskayaw.
             Slain by a vampire knight
             ... wielding a +0 battleaxe
              (7 damage)
             ... on level 4 of the Depths.
             The game lasted 01:49:09 (16901 turns).

4thArraOfDagon the Severer (Minotaur Chaos Knight) Turns: 16901, Time: 01:49:11

Health: 0/162      AC: 32    Str: 21      XL:     19   Next: 78%
Magic:  24/27      EV: 15    Int: 15      God:    Uskayaw [*.....]
Gold:   980        SH:  8    Dex: 17 (18) Spells: 2 memorised, 19 levels left

rFire  + + .     SeeInvis .     Q - +3 battleaxe (vamp)
rCold  . . .     Gourm    .     p - +2 plate armour {rF+}
rNeg   + + .     Faith    .     (shield currently unavailable)
rPois  +         Spirit   .     J - +1 hat
rElec  +         Dismiss  .     d - +2 cloak
rCorr  +         Reflect  +     R - +0 pair of gloves of the Dice {rCorr}
SustAt .         Harm     .     j - +1 pair of boots
MR     +....                    m - brooch of Shielding {Reflect SH+8}
Stlth  ..........               F - ring of Joy {Fire rElec rN+ Int-3 Dex+7}
                                B - ring of positive energy

@: somewhat resistant to hostile enchantments, extremely unstealthy
A: retaliatory headbutt, horns 2, talons 1, yellow scales 2, blurry vision 1,
clever 2, cold resistance 1, deterioration 1, frail 1, poison resistance, strong
1, sturdy frame 1
a: Stomp, Renounce Religion


You were on level 4 of the Depths.
You worshipped Uskayaw.
Uskayaw was aware of your devotion.
You were not hungry.

You visited 6 branches of the dungeon, and saw 32 of its levels.
You visited the Abyss 3 times.
You also visited: Volcano and Wizlab.

You collected 3420 gold pieces.
You spent 2440 gold pieces at shops.

Inventory:

Hand Weapons
 r - the +8 war axe "Tyudenal" {flame, Int+2}
   (You took it off a deep elf demonologist on level 3 of the Elven Halls)

   It has been specially enchanted to burn those struck by it, causing extra
   injury to most foes and up to half again as much damage against particularly
   susceptible opponents.
   Big, fiery blades are also staple armaments of hydra-hunters.
   It affects your intelligence (+2).
 s - a +0 blowgun
 Q - a +3 vampiric battleaxe (weapon)
Missiles
 e - 8 curare-tipped needles
Armour
 d - a +2 cloak (worn)
 j - a +1 pair of boots (worn)
 p - a +2 plate armour of fire resistance (worn)
 D - a +0 troll leather armour
 J - a +1 hat (worn)
 R - the +0 pair of gloves of the Dice (worn) {rCorr}
   (You bought it in a shop on level 2 of the Orcish Mines)

   It protects you from acid and corrosion.
Jewellery
 g - the ring of Bieli {rCorr Dex+4}
   (You took it off a deep elf archer on level 3 of the Elven Halls)

   [ring of resist corrosion]

   It affects your dexterity (+4).
 m - the brooch of Shielding (around neck) {Reflect SH+8}
   (You took it off a deep elf death mage on level 3 of the Elven Halls)

   [amulet of reflection]

   It shields you and reflects attacks.
   It affects your SH (+8).
 B - a ring of positive energy (left hand)
 F - the ring of Joy (right hand) {Fire rElec rN+ Int-3 Dex+7}
   (You found it on level 10 of the Dungeon)

   [ring of fire]

   It enhances your fire magic, and weakens your ice magic.
   It affects your intelligence (-3).
   It affects your dexterity (+7).
   It protects you from fire.
   It makes you vulnerable to cold.
   It insulates you from electricity.
   It protects you from negative energy.
 L - an uncursed ring of flight
 V - an uncursed ring of protection from magic
 X - the ring "Aclell" {Wiz Dex+5}
   (You took it off a deep elf demonologist on level 3 of the Elven Halls)

   [ring of wizardry]

   It improves your spell success rate.
   It affects your dexterity (+5).
Wands
 t - a wand of iceblast (6/15)
 w - a wand of paralysis (7/24)
 E - a wand of disintegration (12/24)
Scrolls
 b - 4 scrolls of recharging
 k - a scroll of vulnerability
 l - 3 scrolls of remove curse
 o - a scroll of holy word
 q - 5 scrolls of immolation
 u - 3 scrolls of summoning
 v - 11 scrolls of teleportation
 x - a scroll of silence
 y - a scroll of magic mapping
 I - 2 scrolls of identify
 K - 4 scrolls of fear
 N - 2 scrolls of blinking
 W - 2 scrolls of fog
Potions
 a - a potion of haste
 f - 4 potions of curing
 n - 3 potions of brilliance
 z - 3 potions of cancellation
 A - a potion of flight
 C - a potion of magic
 H - a potion of cure mutation
 M - 3 potions of berserk rage
 O - a potion of invisibility
 P - a potion of resistance
 S - a potion of might
 T - 3 potions of heal wounds
Miscellaneous
 i - a box of beasts
 G - a phial of floods
 U - 2 phantom mirrors
 Y - a fan of gales
 Z - a lamp of fire
Comestibles
 c - 11 bread rations
 h - 18 meat rations


   Skills:
 + Level 18.9 Fighting
 - Level 20.0 Axes
 + Level 18.3 Armour
 + Level 13.0 Dodging
 + Level 5.1 Spellcasting
 * Level 8.2 Translocations
 + Level 12.5 Invocations
 - Level 7.4 Evocations


You had 19 spell levels left.
You knew the following spells:

 Your Spells              Type           Power        Failure   Level  Hunger
a - Apportation           Tloc           ####......   2%          1    None
b - Controlled Blink      Tloc           N/A          100%        8    #######


Dungeon Overview and Level Annotations

Branches:
Dungeon (15/15)            Temple (1/1) D:4            Lair (6/6) D:9
  Swamp (0/4) Lair:4        Slime (0/5) Lair:6          Orc (2/2) D:10
    Elf (3/3) Orc:2        Vaults (0/5) D:13         Depths (5/5) D:15
    Zot (0/5) Depths:5
  Snake: Lair:2-4    Spider: Lair:2-4

Altars:
Ashenzari
Hepliaklqana
Kikubaaqudgha
Nemelex Xobeh
Okawaru
Pakellas
Ru
Sif Muna
Uskayaw
Vehumet
Xom
Yredelemnul
Zin
Jiyva

Shops:
Orc:2 (?*?   Elf:2 :

Portals:
Hell: Depths:1 Depths:2 Depths:5
Abyss: Depths:5
Pandemonium: Depths:2 Depths:3
Ziggurat: Depths:3
Trove: D:10 (give wand of hasting (9))

Annotations:
Depths:5 exclusion: upstairs


Innate Abilities, Weirdness & Mutations

You reflexively headbutt those who attack you in melee.
You have a pair of horns on your head.
You have sharp toenails.
You are mostly covered in yellow scales. (AC +3)
Scrolls take you a little longer to read.
Your mind is very acute. (Int +4)
Your flesh is cold resistant. (rC+)
Your body sometimes deteriorates upon taking damage.
You are frail. (-10% HP)
Your system is resistant to poisons. (rPois)
Your muscles are strong. (Str +2)
Your movements are slightly less encumbered by armour. (ER -2)


Message History

The vampire knight bites you.
* * * LOW HITPOINT WARNING * * *
You slash the vampire knight!
The vampire knight is moderately damaged.
Unknown command.
You slice the vampire knight!!
The vampire knight is severely damaged.
The vampire knight is infused with unholy energy, but nothing happens.
You can now pass through a line of other dancers.
Unknown command.
Okay, then.
You stomp with the beat, sending a shockwave through the revelers around you!
The vampire knight is severely damaged.
You feel somewhat more hungry.
You can no longer pass through a line of other dancers.
The vampire knight hits you with a battleaxe!!
* * * LOW HITPOINT WARNING * * *
The vampire knight bites you!
You die... "It was about time."

##........##
####..........#####
.......⌠⌠.........
......⌠⌠.........
#..........#####
#######........######
#....†#.......†#.....
#.....)##....##'.....
#...@V..##..##.).....
#.......##..##.......
#/......##..##.......
#.?($...##..##.......
##$$$...##..##......#
##$$...##..##.....##
########..########
#..#


You could see a vampire knight.

Vanquished Creatures
  Mara (Elf:3)
  Saint Roka (Elf:3)
  A caustic shrike (Depths:4)
  A bone dragon (Abyss:2)
  3 liches
  An acid blob (Lair:6)
  A deep elf master archer (Elf:3)
  3 deep elf blademasters (Elf:3)
  A sphinx (Depths:2)
  Kirke (D:14)
  A draconian monk (Depths:5)
  3 tengu reavers
  A shadow dragon (Depths:5)
  The ghost of Zebura the Executioner, an adept MiBe of Trog (Depths:1)
  3 fire giants
  An orc warlord (Orc:1)
  3 frost giants
  5 deep elf sorcerers (Elf:3)
  A cacodemon (Abyss:2)
  7 very ugly things
  8 deep elf elementalists (Elf:3)
  A draconian zealot (Depths:5)
  A juggernaut skeleton (Depths:3)
  7 deep elf demonologists (Elf:3)
  4 stone giants
  A green draconian (Depths:5)
  6 deep elf annihilators (Elf:3)
  A lorocyproca (Depths:3)
  2 black draconians (Depths:5)
  2 purple draconians (Depths:5)
  3 spark wasps (Depths:5)
  A mottled draconian (Depths:5)
  A dire elephant (D:15)
  8 deep elf death magi
  A blizzard demon (Abyss:2)
  6 ettins
  A minotaur (Orc:2)
  5 deep elf high priests
  A great orb of eyes (Depths:4)
  4 fire dragons
  3 jiangshi (Depths:3)
  Fannar (Lair:3)
  10 ice dragons
  2 yaktaur captains
  3 rakshasas
  2 spriggan air magi (Depths:3)
  6 hydras
  6 ogre magi
  3 catoblepae
  2 death knights
  9 deep troll earth magi
  7 deep troll shamans
  4 centaur warriors
  12 dancing weapons
  3 tengu warriors (Depths:2)
  A vampire mage (Depths:3)
  7 death yaks (Lair:4)
  5 thrashing horrors (Abyss:2)
  4 spriggan berserkers
  6 deep elf knights
  A wretched star (Abyss:2)
  4 skeletal warriors (D:15)
  An iron troll (Depths:3)
  13 hell knights
  28 deep trolls
  The ghost of Shenda the Chiller, a novice MfIE of the Shining One (D:6)
  2 wizards
  4 lindwurms (Lair:6)
  A giant orange brain (Depths:5)
  6 deep elf archers
  An unseen horror (shapeshifter) (Depths:4)
  A harpy (shapeshifter) (D:13)
  3 hill giants
  A putrid demonspawn (Depths:3)
  2 phantasmal warriors (D:13)
  Pikel (D:6)
  19 ugly things
  An orc sorcerer (Orc:1)
  An orc knight (Orc:2)
  A shadow dragon skeleton (Depths:3)
  3 necromancers
  A wolf spider zombie (D:13)
  An orb spider (Orc:2)
  A wolf spider (shapeshifter) (Elf:3)
  2 wolf spiders
  30 deep elf magi
  An oklob plant (Lair:5)
  A hornet (shapeshifter) (Depths:1)
  2 sixfirhies (Abyss:2)
  3 manticores
  4 cyclopes
  A rust devil (Depths:3)
  A moth of wrath (shapeshifter) (Depths:5)
  A spriggan zombie (Depths:3)
  5 elephants (Lair:6)
  7 black mambas
  A gargoyle (D:10)
  4 smoke demons
  7 spiny frogs
  2 centaur skeletons (D:12)
  An efreet (D:10)
  A rime drake (Lair:6)
  5 spectral swamp worms (Depths:2)
  2 orange demons (Abyss:2)
  4 komodo dragons
  A yaktaur (shapeshifter) (D:10)
  21 yaktaurs
  An elf skeleton (Depths:3)
  8 small abominations
  2 polar bears (Lair:6)
  2 ancient zymes (Abyss:2)
  3 tengu conjurers
  A meliai (Orc:2)
  3 giant leeches (Lair:4)
  6 trolls
  A two-headed ogre (shapeshifter) (Lair:1)
  A wolf spider simulacrum (D:15)
  Grinder (D:4)
  11 raiju
  8 blink frogs (Lair:1)
  10 slime creatures
  25 two-headed ogres
  A raiju (shapeshifter) (Depths:1)
  A meliai zombie (D:15)
  A flying skull (Abyss:2)
  2 shadows
  9 spriggans
  An air elemental (Elf:3)
  A redback (D:10)
  5 ynoxinuls (Abyss:2)
  5 water elementals
  5 wraiths
  Grum (D:9)
  3 chaos spawn
  36 yaks
  A fire elemental (Elf:2)
  6 hogs
  6 hippogriffs
  A hungry ghost (D:9)
  3 large abominations
  4 basilisks
  A neqoxec (Abyss:3)
  2 vampire mosquitoes (D:12)
  Menkaure (D:6)
  5 wargs
  6 nagas (Lair:3)
  2 mottled dragons
  A soldier ant (D:10)
  8 water moccasins
  A hell hound (Volcano)
  11 porcupines
  4 ice beasts
  3 sky beasts
  An eye of draining (shapeshifter) (Depths:5)
  24 orc warriors
  A phantom (D:8)
  A slave (D:6)
  7 black bears
  2 eyes of draining
  A centaur (shapeshifter) (D:13)
  7 wasps
  6 boggarts
  36 ogres
  24 centaurs
  14 crocodiles
  30 wolves
  9 big kobolds
  14 giant frogs
  4 earth elementals
  2 scorpions
  A water moccasin skeleton (D:9)
  A wyvern skeleton (D:6)
  3 killer bees (D:9)
  3 wights (D:15)
  A howler monkey (Lair:1)
  An electric eel (Lair:4)
  5 crimson imps
  4 giant frog zombies
  8 starcursed masses (Abyss:2)
  3 human zombies (D:15)
  3 hounds
  2 giant frog skeletons
  14 orc priests
  10 jellies
  12 orc wizards
  Terence (D:3)
  7 iguanas
  8 worker ants
  A worker ant (shapeshifter) (D:13)
  11 sheep (Lair:4)
  A hound zombie (D:5)
  3 mummies (D:15)
  A worker ant zombie (D:10)
  8 gnolls
  7 adders
  54 river rats
  3 shadow imps
  An adder zombie (D:6)
  An adder skeleton (D:6)
  A worm (D:4)
  A worm (shapeshifter) (Orc:2)
  2 dart slugs (D:3)
  2 giant geckos
  48 orcs
  3 giant cockroaches
  6 hobgoblins
  2 jackals (D:4)
  2 quokkas
  19 kobolds
  An orc zombie (D:15)
  A crawling corpse (Depths:3)
  4 fungi
  A plant (D:8)
1079 creatures vanquished.

Vanquished Creatures (collateral kills)
  An ogre mage (D:13)
  Edmund (D:4)
  An ogre (D:4)
  A wyvern skeleton (D:11)
  An orc (D:4)
5 creatures vanquished.

Vanquished Creatures (others)
  A lich (Depths:1)
  A giant orange brain (Depths:1)
  A centaur zombie (D:12)
  A lurking horror (Abyss:2)
  4 plants (Depths:3)
8 creatures vanquished.

Grand Total: 1092 creatures vanquished

Notes
Turn   | Place    | Note
--------------------------------------------------------------
     0 | D:1      | 4thArraOfDagon the Minotaur Chaos Knight began the quest for the Orb.
     0 | D:1      | Reached XP level 1. HP: 19/19 MP: 0/0
    74 | D:3      | Noticed Terence
    76 | D:3      | XOM: harmless Tloc miscast
    91 | D:3      | Killed Terence
    91 | D:3      | Reached skill level 4 in Axes
    91 | D:3      | Reached XP level 2. HP: 19/27 MP: 1/1
    91 | D:3      | Reached XP level 3. HP: 24/33 MP: 2/2
   165 | D:3      | Noticed a big kobold
   165 | D:3      | XOM: mild Erth miscast
   191 | D:3      | XOM: silly message
   211 | D:3      | Killed a big kobold
   211 | D:3      | Reached skill level 5 in Axes
   211 | D:3      | Reached XP level 4. HP: 31/41 MP: 3/3
   324 | D:4      | Reached XP level 5. HP: 33/47 MP: 4/4
   328 | D:4      | XOM: confuse monster(s)
   377 | D:4      | Noticed Edmund
   377 | D:4      | XOM: harmless Ice miscast
   388 | D:4      | XOM: summons friendly ufetubus
   396 | D:4      | Killed Edmund
   396 | D:4      | Reached skill level 5 in Fighting
   396 | D:4      | Reached skill level 6 in Axes
   396 | D:4      | Reached XP level 6. HP: 43/56 MP: 5/5
   418 | D:4      | XOM: summons 6 friendly demons
   422 | D:4      | Noticed Grinder
   448 | D:4      | Killed Grinder
   448 | D:4      | Reached skill level 7 in Axes
   482 | D:4      | Found a staircase to the Ecumenical Temple.
   506 | D:5      | XOM: noise
   506 | D:5      | Entered Level 5 of the Dungeon
   543 | D:5      | Reached skill level 5 in Armour
   549 | D:5      | Noticed Sigmund
   556 | D:5      | Noticed Sigmund
   556 | D:5      | XOM: polymorph something unseen -> Sigmund the gnoll
   565 | D:5      | Reached XP level 7. HP: 44/62 MP: 6/6
   569 | D:5      | Killed Sigmund the gnoll
   860 | D:6      | XOM: cast spell 'Shadow Creatures'
   861 | D:6      | Noticed Pikel
   874 | D:6      | Killed Pikel
   874 | D:6      | Reached skill level 8 in Axes
   874 | D:6      | Reached XP level 8. HP: 56/73 MP: 7/7
   931 | D:6      | XOM: divination: detect creatures
   934 | D:6      | Reached skill level 9 in Axes
   939 | D:6      | XOM: fog
   941 | D:6      | XOM: potion effect (might)
   993 | D:6      | Noticed Shenda's ghost (novice MfIE)
   997 | D:6      | XOM: butterfly on damage
  1004 | D:6      | Killed Shenda's ghost
  1004 | D:6      | Reached skill level 10 in Axes
  1010 | D:6      | Found a hazy altar of Hepliaklqana.
  1019 | D:6      | Noticed Menkaure
  1028 | D:6      | Killed Menkaure
  1028 | D:6      | Reached XP level 9. HP: 45/81 MP: 8/8
  1076 | D:6      | XOM: harmless Tloc miscast
  1107 | D:6      | XOM: god gift: chunky metal-bound book {god gift}
  1295 | D:7      | XOM: give mutations
  1295 | D:7      | Gained mutation: You are agile. (Dex +2) [Xom's grace]
  1295 | D:7      | Gained mutation: Your natural rate of healing is unusually fast. [Xom's grace]
  1295 | D:7      | Gained mutation: Your muscles are strong. (Str +2) [Xom's grace]
  1295 | D:7      | Gained mutation: You possess an exceptional clarity of mind. [Xom's grace]
  1310 | D:8      | XOM: confuse monster(s)
  1555 | D:8      | Found a sacrificial altar of Ru.
  1710 | D:9      | Lost mutation: Your muscles are strong. (Str +2) [potion of cure mutation]
  1710 | D:9      | Lost mutation: You are agile. (Dex +2) [potion of cure mutation]
  1710 | D:9      | Lost mutation: You possess an exceptional clarity of mind. [potion of cure mutation]
  1710 | D:9      | Lost mutation: Your natural rate of healing is unusually fast. [potion of cure mutation]
  1713 | D:9      | Noticed Grum
  1715 | D:9      | Reached skill level 1 in Evocations
  1716 | D:9      | Reached skill level 11 in Axes
  1720 | D:9      | XOM: divination: detect creatures
  1727 | D:9      | Killed Grum
  1858 | D:9      | XOM: cleaving
  1906 | D:9      | Gained mutation: Your muscles are strong. (Str +2) [potion of mutation]
  1906 | D:9      | Gained mutation: You are partially covered in yellow scales. (AC +2) [potion of mutation]
  1906 | D:9      | Gained mutation: You are resistant to hostile enchantments. (MR+) [potion of mutation]
  1912 | D:9      | XOM: summons friendly white imp
  1922 | D:9      | Reached XP level 10. HP: 34/91 MP: 9/11
  1923 | D:9      | Reached skill level 12 in Axes
  1933 | D:9      | Found a staircase to the Lair.
  1996 | D:8      | XOM: potion effect (invisibility)
  2122 | D:9      | XOM: confuse monster(s)
  2194 | D:10     | Entered Level 10 of the Dungeon
  2240 | D:10     | Found a portal to a secret trove of treasure.
  2247 | D:10     | Noticed a green ugly thing
  2260 | D:10     | Killed a green ugly thing
  2267 | D:10     | Gained mutation: Your movements are slightly less encumbered by armour. (ER -2) [mutagenic meat]
  2472 | D:10     | XOM: scenery: create altars
  2564 | D:10     | XOM: god gift: 14 royal jellies
  2571 | D:10     | XOM: 1-stop teleportation journey
  2613 | D:11     | XOM: 3-stop teleportation journey
  2614 | D:11     | Noticed a red ugly thing
  2622 | D:11     | Killed a red ugly thing
  2635 | D:11     | Noticed a cyclops
  2660 | D:11     | Killed a cyclops
  2660 | D:11     | Reached skill level 10 in Fighting
  2685 | D:11     | XOM: blink monster(s)
  2692 | D:11     | Reached skill level 13 in Axes
  2775 | D:10     | Noticed a gargoyle
  2791 | D:10     | Killed a gargoyle
  2870 | D:10     | XOM: snakes to sticks
  2947 | D:11     | XOM: summons friendly shadow imp
  2953 | D:11     | XOM: summons friendly crimson imp
  3032 | D:11     | XOM: god gift: chain mail {god gift}
  3043 | D:11     | Paralysed by a wasp for 1 turns
  3097 | D:12     | Reached XP level 11. HP: 93/101 MP: 13/13
  3136 | D:12     | Noticed a hill giant
  3146 | D:12     | Killed a hill giant
  3190 | D:12     | Reached skill level 10 in Armour
  3216 | D:12     | XOM: silly message
  3227 | D:12     | XOM: smoke on damage
  3357 | D:12     | Reached skill level 5 in Evocations
  3376 | D:12     | Reached skill level 14 in Axes
  3424 | D:12     | Noticed a death knight
  3442 | D:12     | Killed a death knight
  3460 | D:12     | XOM: summons 3 friendly demons
  3548 | D:12     | XOM: harmless Ice miscast
  3637 | D:13     | XOM: enchant monster (good)
  3643 | D:13     | Noticed a harpy
  3643 | D:13     | a guardian serpent changed into a harpy
  3644 | D:13     | Killed a harpy
  3656 | D:13     | Found a gate to the Vaults.
  3697 | D:13     | XOM: silly message
  3725 | D:13     | Gained mutation: You are mostly covered in yellow scales. (AC +3) [mutagenic meat]
  3728 | D:13     | Gained mutation: You have large cloven feet. [mutagenic meat]
  3747 | D:13     | XOM: confuse monster(s)
  3855 | D:13     | Noticed a death knight
  3855 | D:13     | Noticed a phantasmal warrior
  3855 | D:13     | Noticed a phantasmal warrior
  3877 | D:13     | Noticed an ogre mage
  3885 | D:13     | XOM: summons friendly white imp
  3887 | D:13     | Killed an ogre mage
  3930 | D:12     | Reached skill level 15 in Axes
  4181 | D:11     | Reached XP level 12. HP: 82/111 MP: 15/15
  4313 | D:10     | XOM: scenery: create altars
  4348 | D:10     | XOM: confuse monster(s)
  4485 | D:10     | Gained mutation: You occasionally shout uncontrollably at your foes. [a shining eye]
  4530 | D:10     | Noticed a frost giant
  4536 | D:10     | XOM: swap monsters
  4550 | D:10     | Killed a frost giant
  4554 | D:10     | Got a heavily runed platinum ring
  4558 | D:10     | Got a bloodstained long sword
  4566 | D:10     | Identified the ring of Joy {Fire rElec rN+ Int-3 Dex+7} (You found it on level 10 of the Dungeon)
  4612 | D:10     | XOM: give mutations
  4612 | D:10     | Lost mutation: Your muscles are strong. (Str +2) [Xom's mischief]
  4612 | D:10     | Lost mutation: You occasionally shout uncontrollably at your foes. [Xom's mischief]
  4612 | D:10     | Gained mutation: You are frail. (-10% HP) [Xom's mischief]
  5002 | D:10     | Found a staircase to the Orcish Mines.
  5011 | Orc:1    | Entered Level 1 of the Orcish Mines
  5133 | Orc:1    | XOM: enchant monster (bad)
  5182 | Orc:1    | Noticed an orc warlord
  5220 | Orc:1    | Reached skill level 16 in Axes
  5228 | Orc:1    | Killed an orc warlord
  5427 | Orc:2    | Entered Level 2 of the Orcish Mines
  5538 | Orc:1    | XOM: enchant monster (good)
  5598 | Orc:2    | Found a dark tunnel.
  5603 | Volcano  | Entered a volcano
  5657 | Volcano  | XOM: cleaving
  5818 | Orc:2    | Found a staircase to the Elven Halls.
  5888 | Orc:2    | XOM: fog
  5890 | Orc:2    | XOM: cleaving
  5907 | Orc:2    | XOM: 3-stop teleportation journey
  5988 | Orc:2    | XOM: enchant monster (good)
  6049 | Orc:2    | Learned a level 1 spell: Apportation
  6064 | Orc:2    | XOM: cleaving
  6102 | Orc:2    | XOM: god gift: 44 gold pieces
  6180 | Orc:2    | Noticed an ettin
  6195 | Orc:2    | Killed an ettin
  6213 | Orc:2    | XOM: mild Necr miscast
  6270 | Orc:2    | Noticed an ogre mage
  6271 | Orc:2    | Noticed an ogre mage
  6272 | Orc:2    | XOM: enchant monster (bad)
  6273 | Orc:2    | Noticed an ogre mage
  6273 | Orc:2    | Reached XP level 13. HP: 64/107 MP: 17/17
  6273 | Orc:2    | Reached skill level 17 in Axes
  6303 | Orc:2    | XOM: enchant monster (bad)
  6311 | Orc:2    | XOM: polymorph two-headed ogre -> orb spider
  6410 | Orc:2    | XOM: stat loss: -1 Int (8/9)
  6455 | Orc:2    | Found Soegutab's General Store.
  6455 | Orc:2    | Found Yssohoy's Magic Scroll Shoppe.
  6456 | Orc:2    | Found Jiklemig's Antique Weapon Emporium.
  6456 | Orc:2    | Found Ceruhona's Magic Scroll Shop.
  6483 | Orc:2    | Bought 3 scrolls of remove curse for 108 gold pieces
  6483 | Orc:2    | Bought 2 scrolls of teleportation for 72 gold pieces
  6483 | Orc:2    | Bought a scroll of remove curse for 36 gold pieces
  6484 | Orc:2    | Bought a runed battleaxe for 188 gold pieces
  6485 | Orc:2    | Bought a scroll of recharging for 114 gold pieces
  6485 | Orc:2    | Bought the cursed +0 pair of gloves of the Dice {rCorr} for 169 gold pieces
  6486 | Orc:2    | Bought a scroll of teleportation for 39 gold pieces
  6486 | Orc:2    | Bought 3 scrolls of teleportation for 117 gold pieces
  6486 | Orc:2    | Bought a scroll of identify for 26 gold pieces
  6486 | Orc:2    | Bought a scroll of identify for 26 gold pieces
  6532 | Orc:2    | Noticed a minotaur
  6532 | Orc:2    | XOM: polymorph something unseen -> minotaur
  6538 | Orc:2    | Killed a minotaur
  6675 | Lair:1   | Entered Level 1 of the Lair of Beasts
  6715 | Lair:1   | XOM: noise
  6736 | Lair:1   | XOM: polymorph blink frog -> two-headed ogre
  6755 | Lair:1   | XOM: polymorph river rat -> howler monkey
  6946 | Temple   | Entered the Ecumenical Temple
  6953 | Temple   | Fell from the grace of Xom
  6953 | Temple   | Became a worshipper of Uskayaw the Reveler
  7211 | Lair:2   | Reached * piety under Uskayaw
  7237 | Lair:2   | Reached ** piety under Uskayaw
  7280 | Lair:2   | Got an aquamarine-encrusted leather armour
  7468 | Lair:3   | Reached *** piety under Uskayaw
  7470 | Lair:3   | Noticed Fannar
  7487 | Lair:3   | Killed Fannar
  7487 | Lair:3   | Reached skill level 1 in Invocations
  7487 | Lair:3   | Reached **** piety under Uskayaw
  7541 | Lair:3   | Reached skill level 18 in Axes
  7626 | Lair:3   | Reached ***** piety under Uskayaw
  7628 | Lair:3   | Lost mutation: You are frail. (-10% HP) [potion of mutation]
  7628 | Lair:3   | Lost mutation: You have large cloven feet. [potion of mutation]
  7628 | Lair:3   | Gained mutation: You occasionally shout uncontrollably at your foes. [potion of mutation]
  7730 | Lair:3   | Found an iron altar of Okawaru.
  7786 | Lair:3   | XOM: summons 2 hostile demons
  7890 | Lair:4   | Reached XP level 14. HP: 130/130 MP: 18/18
  7918 | Lair:4   | XOM: cast spell 'Leda's Liquefaction'
  8004 | Lair:4   | Found a staircase to the Swamp.
  8269 | Lair:5   | Identified the Incunabulum of Love and Death (You found it on level 5 of the Lair of Beasts)
  8407 | Lair:5   | Reached ****** piety under Uskayaw
  8539 | Lair:6   | Entered Level 6 of the Lair of Beasts
  8599 | Lair:6   | Reached skill level 19 in Axes
  8721 | Lair:6   | Found a runed door.
  8722 | Lair:6   | Found a viscous altar of Jiyva.
  8722 | Lair:6   | Noticed an acid blob
  8725 | Lair:6   | Found a staircase to the Slime Pits.
  8741 | Lair:6   | Killed an acid blob
  8741 | Lair:6   | Reached skill level 5 in Invocations
  8751 | Lair:6   | Got a fine ring mail
  8801 | Lair:6   | Gained mutation: You are agile. (Dex +2) [potion of mutation]
  8801 | Lair:6   | Lost mutation: You are resistant to hostile enchantments. (MR+) [potion of mutation]
  9043 | Lair:6   | Identified the +3 ring mail of Hadjma {+Blink} (You found it on level 6 of the Lair of Beasts)
  9333 | Lair:2   | Reached XP level 15. HP: 129/139 MP: 19/19
  9551 | Elf:1    | Entered Level 1 of the Elven Halls
  9587 | Elf:1    | Found a radiant altar of Vehumet.
  9634 | Elf:1    | XOM: medium Fire miscast
  9742 | Elf:1    | Found a magical portal.
  9747 | WizLab   | Entered Iskenderun's Mystic Tower
  9799 | Elf:1    | XOM: medium Air miscast
  9875 | Elf:2    | Reached skill level 5 in Dodging
  9882 | Elf:2    | Found an ancient bone altar of Kikubaaqudgha.
 10192 | Elf:2    | Found a deep blue altar of Sif Muna.
 10203 | Elf:2    | Reached skill level 20 in Axes
 10259 | Elf:2    | Reached skill level 15 in Fighting
 10349 | Elf:3    | XOM: noise
 10349 | Elf:3    | Entered Level 3 of the Elven Halls
 10536 | Elf:3    | Noticed a deep elf blademaster
 10536 | Elf:3    | Noticed Mara
 10561 | Elf:3    | Killed a deep elf blademaster
 10566 | Elf:3    | Killed Mara
 10653 | Elf:3    | Noticed a deep elf sorcerer
 10676 | Elf:3    | Killed a deep elf sorcerer
 10718 | Elf:3    | Noticed a deep elf blademaster
 10743 | Elf:3    | Killed a deep elf blademaster
 10743 | Elf:3    | Reached skill level 15 in Armour
 10807 | Elf:3    | Noticed a deep elf sorcerer
 10817 | Elf:3    | Cast into level 3 of the Abyss (a deep elf sorcerer)
 10929 | Abyss:3  | XOM: summons 1 hostile demon
 11020 | Elf:3    | Escaped the Abyss
 11029 | Elf:3    | Killed a deep elf sorcerer
 11062 | Elf:3    | Identified the ring of Bieli {rCorr Dex+4} (You took it off a deep elf archer on level 3 of the Elven Halls)
 11082 | Elf:3    | Reached XP level 16. HP: 150/151 MP: 21/21
 11166 | Elf:3    | Noticed a deep elf master archer
 11191 | Elf:3    | Killed a deep elf master archer
 11321 | Elf:3    | Noticed a deep elf blademaster
 11329 | Elf:3    | Noticed Saint Roka
 11343 | Elf:3    | Killed Saint Roka
 11537 | Elf:3    | XOM: stat loss: -2 Int (8/10)
 11618 | Elf:3    | Got a translucent war axe {flame}
 11624 | Elf:3    | Identified the +8 war axe "Tyudenal" {flame, Int+2} (You took it off a deep elf demonologist on level 3 of the Elven Halls)
 11653 | Elf:3    | XOM: summons 4 hostile demons
 11679 | Elf:3    | Cast into level 2 of the Abyss (a deep elf demonologist)
 11690 | Abyss:2  | Found a basalt altar of Yredelemnul.
 11781 | Abyss:2  | Noticed a bone dragon
 11790 | Abyss:2  | Killed a bone dragon
 11897 | Abyss:2  | Found a corrupted altar of Lugonu.
 12041 | Abyss:2  | Reached skill level 10 in Invocations
 12087 | Abyss:2  | Noticed a bone dragon
 12088 | Abyss:2  | Reached skill level 10 in Dodging
 12117 | Abyss:2  | XOM: enchant monster (bad)
 12194 | Abyss:2  | Found a corrupted altar of Lugonu.
 12383 | Abyss:2  | Reached XP level 17. HP: 108/161 MP: 23/23
 12407 | Elf:3    | Escaped the Abyss
 12438 | Elf:3    | Identified the ring "Aclell" {Wiz Dex+5} (You took it off a deep elf demonologist on level 3 of the Elven Halls)
 12541 | Elf:3    | Killed a deep elf blademaster
 12545 | Elf:3    | Vidiiot: I do like this god.
 12573 | Elf:3    | XOM: enchant monster (bad)
 12602 | Elf:3    | XOM: mild Chrm miscast
 12604 | Elf:3    | Vidiiot: But I rarely realise I can use the abilities :p
 12635 | Elf:3    | Identified the +0 ring mail "Jira" {rN+ Regen+ Str-4} (You found it on level 3 of the Elven Halls)
 12653 | Elf:3    | Identified the amulet of Departure {Inacc Str+3} (You found it on level 3 of the Elven Halls)
 12703 | Elf:3    | Cast into level 2 of the Abyss (a deep elf demonologist)
 12723 | Elf:3    | Escaped the Abyss
 12799 | Elf:2    | Reached skill level 1 in Translocations
 12810 | Elf:2    | Found Irimiyt's Book Shoppe.
 12854 | Elf:2    | Reached skill level 1 in Spellcasting
 12875 | Elf:2    | Bought an Akashic Record for 1545 gold pieces
 12884 | Elf:2    | Learned a level 8 spell: Controlled Blink
 13083 | Orc:2    | XOM: mild Fire miscast
 13237 | D:13     | Gained mutation: You sometimes yell uncontrollably at your foes. [mutagenic meat]
 13246 | D:13     | Gained mutation: You regenerate slowly when monsters are visible. [mutagenic meat]
 13346 | D:14     | Noticed Kirke
 13362 | D:14     | Killed Kirke
 13392 | D:14     | Gained mutation: Your mind is acute. (Int +2) [mutagenic meat]
 13398 | D:14     | Lost mutation: You regenerate slowly when monsters are visible. [mutagenic meat]
 13404 | D:14     | Lost mutation: You sometimes yell uncontrollably at your foes. [mutagenic meat]
 13447 | D:14     | XOM: 1-stop teleportation journey
 13541 | D:15     | Entered Level 15 of the Dungeon
 13695 | D:15     | XOM: summons 14 hostile demons
 13944 | D:15     | Found a basalt altar of Yredelemnul.
 13978 | D:15     | Gained mutation: Your body sometimes deteriorates upon taking damage. [mutagenic meat]
 13984 | D:15     | Gained mutation: You possess an exceptional clarity of mind. [mutagenic meat]
 13990 | D:15     | Lost mutation: Your mind is acute. (Int +2) [mutagenic meat]
 14134 | D:15     | Found a staircase to the Depths.
 14155 | Depths:1 | Entered Level 1 of the Depths
 14320 | Depths:1 | HAL9000: tabstorm
 14334 | Depths:1 | XOM: 2-stop teleportation journey
 14334 | Depths:1 | Was forgiven by Xom
 14337 | Depths:1 | Gained mutation: You are frail. (-10% HP) [mutagenic meat]
 14343 | Depths:1 | Lost mutation: You are agile. (Dex +2) [mutagenic meat]
 14431 | Depths:1 | Noticed a lich
 14448 | Depths:1 | Killed a lich
 14470 | Depths:1 | Reached XP level 18. HP: 59/153 MP: 25/25
 14555 | Depths:1 | Noticed a lich
 14565 | Depths:1 | Noticed a lich
 14570 | Depths:1 | Killed a lich
 14583 | Depths:1 | Killed a lich
 14671 | Depths:1 | Found a gateway to Hell.
 14730 | Depths:3 | 4thArraOfDagon: tab
 14742 | Depths:3 | Reached skill level 5 in Translocations
 14846 | Depths:1 | Noticed Zebura's ghost (adept MiBe)
 14941 | Depths:1 | Killed Zebura's ghost
 15406 | Depths:2 | Found a one-way gate leading to the halls of Pandemonium.
 15573 | Depths:3 | Found a gateway to a ziggurat.
 15597 | Depths:3 | Reached XP level 19. HP: 102/162 MP: 25/27
 15980 | Depths:4 | Gained mutation: You have sharp toenails. [potion of mutation]
 15980 | Depths:4 | Gained mutation: Your mind is acute. (Int +2) [potion of mutation]
 16049 | Depths:5 | Entered Level 5 of the Depths
 16092 | Depths:5 | Gained mutation: Scrolls take you a little longer to read. [mutagenic meat]
 16194 | Depths:5 | Lost mutation: You occasionally shout uncontrollably at your foes. [potion of mutation]
 16240 | Depths:5 | Gained mutation: Your flesh is cold resistant. (rC+) [mutagenic meat]
 16243 | Depths:5 | Gained mutation: Your mind is very acute. (Int +4) [mutagenic meat]
 16249 | Depths:5 | Gained mutation: Scrolls take you longer to read. [mutagenic meat]
 16254 | Depths:5 | Lost mutation: Scrolls take you longer to read. [mutagenic meat]
 16259 | Depths:5 | Lost mutation: You possess an exceptional clarity of mind. [mutagenic meat]
 16262 | Depths:5 | Gained mutation: You are clumsy. (Dex -2) [mutagenic meat]
 16274 | Depths:5 | Lost mutation: You are clumsy. (Dex -2) [mutagenic meat]
 16277 | Depths:5 | Gained mutation: Your system is resistant to poisons. (rPois) [mutagenic meat]
 16280 | Depths:5 | Gained mutation: Your muscles are strong. (Str +2) [mutagenic meat]
 16570 | Depths:5 | Found a one-way gate to the infinite horrors of the Abyss.
 16578 | Depths:5 | Found a gate to the Realm of Zot.
 16590 | Depths:5 | Reached skill level 5 in Spellcasting
 16809 | Depths:4 | Noticed a caustic shrike
 16815 | Depths:4 | Killed a caustic shrike
 16875 | Depths:4 | Noticed a Brimstone Fiend
 16901 | Depths:4 | HP: 7/162 [vampire knight/battleaxe (23)]
 16901 | Depths:4 | Slain by a vampire knight

Vault maps used:
D:1:      minmay_arrival_open_corners, minmay_tetromino_i2
D:2:      okawaru_gym_becter
D:3:      first_bread, uniq_terence, uniq_iyjb
D:4:      serial_bayou_lagoon_a, uniq_natasha, uniq_grinder, uniq_blork_the_orc,
          uniq_edmund
D:5:      uniq_sigmund, uniq_duvessa
D:6:      kennysheep_little_box, marbit_many_paths, uniq_pikel, uniq_menkaure
D:7:      grunt_livestock
D:8:      nicolae_ru_sacrificial_ziggurat, basic_altar, serial_bayou_pond_c,
          st_stairs_3, lemuel_jelly_drop, uniq_joseph
D:9:      minmay_lair_entry_grove, hex_medium, kennysheep_generic_room_8,
          uniq_grum
D:10:     minmay_sliced_demisemicircle, orc_0_dummy,
          nicolae_trove_entry_crossroad
D:12:     kennysheep_room_grid, minmay_unpleasant_kobolds
D:13:     david_vaults_2
D:14:     small_statue_intersection, uniq_kirke
D:15:     hangedman_depths_entry_try_elsewhere_first,
          lemuel_mausoleum_altar_yredelemnul
Temple:   compressed_dpeg_circular_temple
Lair:1:   serial_bayou_shore_a
Lair:3:   minmay_snake_entry_guardpost_medium, basic_altar, uniq_fannar
Lair:4:   minmay_swamp_entry_worms, grunt_megastairs_1,
          infiniplex_staircase_pool, lemuel_fruit_fields, lemuel_fruit_tree
Lair:5:   st_stairs_12
Lair:6:   minmay_lair_end_enchanted_forest, slime_altar_2, minmay_lindwurm_lava
Orc:2:    st_orc_ogre_mass, enter_volcano_4
Elf:1:    eino_elf_arrival_altar, serial_co_window_serial, co_window_corner_a,
          co_window_corner_a, co_window_corner_a, co_window_paths_b,
          co_window_paths_a, co_window_corner_b, co_window_corner_b,
          co_window_unsneaky_path_c, co_window_of_opportunity_c,
          glass_columns_a, glass_columns_a, glass_columns_b,
          infiniplex_enter_wizlab_spiral, serial_shops, shop,
          hangedman_elf_disciples
Elf:2:    serial_shops, shop, hangedman_elven_ridges, hangedman_feature_mirror,
          minmay_elf_annihilation
Elf:3:    minmay_elf_hall_hex, uniq_mara, uniq_wiglaf, uniq_saint_roka
Depths:1: dk_noncrumbling_3, hell_entry, st_stairs_12,
          wad_floor_pattern_untrapped, minmay_large_rounded_square,
          item_on_display_a, kennysheep_random_hallway
Depths:2: minmay_box_of_statues, pan_entry, minmay_misc_feat_ornament,
          pf_hell_entry_tar_river, item_on_display_a,
          infiniplex_staircase_spiral, serial_bayou_shore_b
Depths:3: evilmike_negative_zone, enter_ziggurat_b, rand_demon_pan_entry_8,
          hell_entry, serial_bayou_pond_a, minmay_staircase_statues_hall_small
Depths:4: four-leaf_vault, hangedman_abyss_entry_splay, minmay_crystal_water,
          lightli_too_deep, infiniplex_staircase_pool_2
Depths:5: grunt_zot_entry_alcove, hell_entry, abyss_entry, grunt_decor_cap
Abyss:3:  guppyfry_abyss_exit_glass_guarded, evilmike_abyss_rune_tso_outpost
Volcano:  volcano_village
WizLab:   wizlab_iskenderun

Skill      XL: |  1  2  3  4  5  6  7  8  9 10 11 12 13 14 15 16 17 18 19 |
---------------+----------------------------------------------------------+-----
Fighting       | 4 5 7 8 9 10 11 12 13 14 15 17 18 | 18.9
Axes           | 4 5 6 7 8 10 11 13 15 16 18 19 20 | 20.0
Armour         | 3 4 5 6 7 8 9 11 12 13 14 15 16 17 18 | 18.3
Evocations     | 2 4 6 7 |  7.4
Invocations    | 2 5 8 10 11 12 | 12.5
Dodging        | 3 7 10 11 12 13 | 13.0
Translocations | 4 6 8 |  8.2
Spellcasting   | 2 4 5 |  5.1

Action                   |  1- 3 |  4- 6 |  7- 9 | 10-12 | 13-15 | 16-18 | 19-21 || total
-------------------------+-------+-------+-------+-------+-------+-------+-------++-------
Melee: Hand axe          |    35 |    65 |   223 |   825 |    28 |       |       ||  1176
       Headbutt          |     5 |    17 |    36 |   257 |   280 |   370 |   119 ||  1084
       Broad axe         |       |       |       |    76 |    25 |       |       ||   101
       Kick              |       |       |       |   213 |    73 |       |       ||   286
       Battleaxe         |       |       |       |    25 |   945 |  1126 |   351 ||  2447
 Fire: Blowgun           |       |       |       |     5 |       |       |       ||     5
Throw: Throwing net      |       |       |       |     2 |       |       |       ||     2
 Cast: Apportation       |       |       |       |       |       |       |     4 ||     4
Invok: Stomp             |       |       |       |       |     2 |     8 |     4 ||    14
       Grand Finale      |       |       |       |       |       |     3 |       ||     3
Evoke: Wand              |       |       |     1 |    36 |     8 |     3 |       ||    48
       Phial of floods   |       |       |       |       |     1 |     1 |       ||     2
       Fan of gales      |       |       |       |       |     1 |       |       ||     1
       Box of beasts     |       |       |       |       |       |     1 |       ||     1
       Phantom mirror    |       |       |       |       |       |     1 |       ||     1
  Use: Scroll            |     3 |       |       |    19 |    12 |    19 |     5 ||    58
       Potion            |       |       |     6 |     6 |     6 |     5 |     2 ||    25
 Stab: Distracted        |       |     1 |     1 |     1 |       |     1 |     1 ||     5
       Petrified         |       |     1 |       |     1 |     1 |       |       ||     3
       Paralysed         |       |       |     9 |   106 |    94 |   188 |    49 ||   446
       Confused          |       |       |     2 |     6 |       |       |       ||     8
       Invisible         |       |       |       |     4 |       |       |       ||     4
       Petrifying        |       |       |       |    10 |       |       |       ||    10
       Held in net/web   |       |       |       |     2 |       |       |       ||     2
  Eat: Chunk             |       |       |     3 |     8 |     1 |    25 |    17 ||    54
       Beef jerky        |       |       |     1 |     2 |     1 |     1 |       ||     5
       Pizza             |       |       |     1 |       |       |       |       ||     1
       Royal jelly       |       |       |       |     5 |     7 |     3 |     1 ||    16
       Fruit             |       |       |       |       |    11 |       |     2 ||    13
       Bread ration      |       |       |       |       |       |     1 |       ||     1
Armor: Leather armour    |    10 |    14 |       |       |       |       |       ||    24
       Plate armour      |       |    18 |   135 |   393 |   719 |   604 |   159 ||  2028
       Troll leather arm |       |       |       |       |       |     8 |       ||     8
Dodge: Dodged            |    16 |    13 |    63 |   203 |   377 |   498 |   132 ||  1302
Block: Other             |       |       |       |       |    83 |   307 |    93 ||   483
       Reflection        |       |       |       |       |       |    19 |     1 ||    20
